 Dungeon Crawl Stone Soup version 0.19-a0-1879-gd95bc26 (webtiles) character file.

154 Grim the Slasher (level 5, -1/34 HPs)
             Began as a High Elf Skald on Oct 14, 2016.
             Killed from afar by a white imp (5 damage)
             ... with a puff of frost
             ... summoned by Natasha
             ... on level 2 of the Dungeon.
             The game lasted 00:09:01 (3146 turns).

Grim the Slasher (High Elf Skald)                   Turns: 3146, Time: 00:09:01

Health: -1/34      AC:  8    Str: 11    XL:     5   Next: 13%
Magic:  8/9        EV: 11    Int: 21    God:
Gold:   32         SH:  0    Dex: 19    Spells: 1 memorised, 7 levels left

rFire  . . .     SeeInvis .     a - +0 falchion
rCold  . . .     Gourm    .     b - +0 leather armour
rNeg   . . .     Faith    .     (no shield)
rPois  .         Spirit   .     (no helmet)
rElec  .         Dismiss  .     (no cloak)
rCorr  .         Reflect  .     k - +2 pair of gloves {Dex+3}
MR     .....     Harm     .     (no boots)
Stlth  +.........               (no amulet)
                                j - +2 ring of protection
                                i - +6 ring of intelligence

@: infused, slowed, very slow
A: no striking features
a: no special abilities


You were on level 2 of the Dungeon.
You were not hungry.

You visited 1 branch of the dungeon, and saw 2 of its levels.

You collected 32 gold pieces.

Inventory:

Hand Weapons
 a - a +0 falchion (weapon)
Missiles
 l - 42 stones (quivered)
Armour
 b - a +0 leather armour (worn)
 k - a +2 pair of gloves of dexterity (worn)
Jewellery
 i - a +6 ring of intelligence (left hand)
 j - a +2 ring of protection (right hand)
Scrolls
 e - 2 scrolls of amnesia {unknown}
 h - 2 scrolls of random uselessness {unknown}
Potions
 g - a potion of berserk rage {unknown}
Books
 c - a book of Battle

   Spells                             Type                      Level
   a - Infusion                       Charms                       1
   b - Shroud of Golubria             Charms/Translocation         2
   c - Song of Slaying                Charms                       2
   d - Spectral Weapon                Hexes/Charms                 3
   e - Regeneration                   Charms/Necromancy            3
Comestibles
 d - 3 bread rations
 f - 2 meat rations
 m - 3 chunks of flesh


   Skills:
 - Level 2.0 Fighting
 * Level 5.6 Long Blades
 - Level 0.8 Armour
 - Level 1.1 Dodging
 - Level 2.4 Spellcasting
 + Level 4.8 Charms


You had 7 spell levels left.
You knew the following spells:

 Your Spells              Type           Power        Failure   Level  Hunger
a - Infusion              Chrm           ###.         2%          1    None


Dungeon Overview and Level Annotations

Branches:
Dungeon (2/15)

Altars:
Kikubaaqudgha
Yredelemnul

Annotations:
D:2 Natasha


Message History

The shadow imp barely misses you.
You riposte.
You closely miss the shadow imp.
The white imp hits you but does no damage.
Unknown command.
You miss Natasha. Natasha casts a spell at you. The magic dart hits you!
* * * LOW HITPOINT WARNING * * *
The white imp hits you but does no damage.
Natasha claws you.
* * * LOW HITPOINT WARNING * * *
You hit Natasha.
Natasha is moderately wounded.
The white imp gestures at you. The puff of frost hits you!
* * * LOW HITPOINT WARNING * * *
Natasha barely misses you.
The crimson imp hits you but does no damage.
The white imp gestures at you. The puff of frost hits you!
You die...

÷######.#####.....#..##.# .K
.##.....##......#.#..##.# .
.##.....##......+....##.#
........##......##.#.##.#
.###....#######)#..#.##.#
.##<....# ####.#..#.##.# #####
.##.....[# #.........##.# #...#
.##......# #..(⌠..≈.....# #...#
###....#.###(#..@.≈≈≈≈..####...#
######.##..##55h≈≈≈≈.....÷...##
##..##.5.≈≈≈≈...........
#...#(.≈≈≈≈≈≈.....####.#
#.(.#.(....≈...##.##....
#.......#._.....⌠.[##.#.....
.......#..#....##....#).#.....
.####..#..########.#+#......_.
....#... ........#.....


You could see Natasha, a crimson imp, a white imp and a shadow imp.

Vanquished Creatures
  Natasha (twice) (D:2)
  5 adders (D:2)
  A worm (D:2)
  3 dart slugs
  4 leopard geckos
  3 ball pythons
  4 giant cockroaches
  3 hobgoblins
  A quokka (D:2)
  6 bats
  4 frilled lizards
  7 goblins
  5 kobolds
  4 rats
52 creatures vanquished.

Notes
Turn   | Place    | Note
-------+----------+-------------------------------------------
     0 | D:1      | Grim the High Elf Skald began the quest for the Orb.
     0 | D:1      | Reached XP level 1. HP: 14/14 MP: 4/4
   508 | D:1      | Reached skill level 3 in Long Blades
   579 | D:1      | Reached XP level 2. HP: 12/19 MP: 3/6
  1319 | D:1      | Reached XP level 3. HP: 14/24 MP: 7/7
  1634 | D:1      | Reached skill level 4 in Long Blades
  2366 | D:2      | Found an ancient bone altar of Kikubaaqudgha.
  2576 | D:2      | Reached XP level 4. HP: 29/29 MP: 4/8
  2633 | D:2      | Noticed Natasha
  2637 | D:2      | Found a basalt altar of Yredelemnul.
  2641 | D:2      | Killed Natasha
  2641 | D:2      | Reached skill level 5 in Long Blades
  2905 | D:2      | Noticed Natasha
  2922 | D:2      | Killed Natasha
  3027 | D:2      | Reached XP level 5. HP: 27/34 MP: 9/9
  3138 | D:2      | Noticed Natasha
  3146 | D:2      | Killed from afar by a white imp

Vault maps used:
D:1:      dpeg_arrival_round_c
D:2:      kiku_gazebo_pond_becter, old_standard_altar, uniq_natasha

Skill      XL: |  1  2  3  4 |
---------------+-------------+-----
Long Blades    | 3 4 5 |  5.6
Charms         | 4 |  4.8
Fighting       | |  2.0
Armour         | |  0.8
Dodging        | |  1.1
Spellcasting   | |  2.4

Action                   |  1- 3 |  4- 6 || total
-------------------------+-------+-------++-------
Melee: Falchion          |   110 |    38 ||   148
Throw: Stone             |       |     7 ||     7
 Cast: Infusion          |     9 |     5 ||    14
 Stab: Sleeping          |     2 |       ||     2
  Eat: Chunk             |     5 |     2 ||     7
Armor: Leather armour    |    25 |    23 ||    48
Dodge: Dodged            |    68 |    28 ||    96
       Rpst.: Falchion   |    23 |    10 ||    33
